AoeStats
← KootH.

Highland

505780028Analyzed
4v4 RM · 21d ago on Sep 11, 2026· 13m 1s· 8 players
Game mode
Random Map
Map size
Large (8 player)
Population
200
Speed
Normal
Resources
Standard
Victory
Conquest
Starting age
Dark Age
Ending age
Imperial Age
RankedLock teamsTeams togetherTeam positionsShared explorationLock speedFull tech treeHidden civsTurbo modeCheats
Victory
Defeat
🇪🇨 Turks · Ecuador
1438
+15
🇨🇴 Persians · Colombia
1374
+18
🇪🇸 Saracens · Spain
1338
+19
🇪🇨 Khitans · Ecuador
1245
+23
🇵🇪 Maya · Peru
1422
-19
🇮🇳 Huns · India
1415
-19
🇦🇷 Ethiopians · Argentina
1412
-19
🇦🇷 Koreans · Argentina
1387
-18
El coco
5:43 Loom
9:44 Feudal Age
10:12 Town Watch
KootH.
5:54 Loom
8:36 Feudal Age
9:02 Double-Bit Axe
el adriano
7:37 Loom
10:10 Feudal Age
10:42 Double-Bit Axe
11:24 Horse Collar
TREX KID BOO
6:23 Loom
9:49 Feudal Age
10:54 Double-Bit Axe
23
10:32 Feudal Age
12:06 Loom
15:00 Castle Age
4o3haq28b
11:19 Feudal Age
11:59 Double-Bit Axe
12:08 Gold Mining
12:12 Loom
Caconero
12:02 Feudal Age
12:36 Double-Bit Axe
12:35 Horse Collar
12:43 Fishing Lines
ACN_Mk
0:28 Loom
8:57 Feudal Age
12:18 Scale Mail Armor
Connection lost

Rejoining the realm…

Still unreachable

The connection could not be restored.

Session expired

The server has moved on; the page needs a fresh start.